 Dungeon Crawl Stone Soup version 0.23.2-40-g277498a (webtiles) character file.

Game seed: 6517007697022139713

20357 CrazyJ the Summoner (level 12, -6/90 HPs)
             Began as a Red Draconian Summoner on Sept 15, 2019.
             Was a High Priest of Hepliaklqana.
             Mangled by a death yak (15 damage)
             ... on level 3 of the Lair of Beasts.
             The game lasted 03:01:31 (22159 turns).

CrazyJ the Summoner (Red Draconian Summoner)       Turns: 22159, Time: 03:01:32

Health: -6/90      AC: 11    Str: 12    XL:     12   Next: 44%
Magic:  8/22       EV: 15    Int: 19    God:    Hepliaklqana [*****.]
Gold:   552        SH:  0    Dex: 12    Spells: 1/24 levels left

rFire    + . .     SeeInvis +   C - +1 trident
rCold    + . .     Gourm    +   (no shield)
rNeg     . . .     Faith    .   (armour unavailable)
rPois    .         Spirit   .   n - +1 hat
rElec    .         Reflect  .   e - +0 cloak
rCorr    .         Harm     .   G - +0 pair of gloves
MR       .....                  (no boots)
Stlth    ++........             g - amulet of the gourmand
HPRegen  0.25/turn              l - ring of protection from cold
MPRegen  0.18/turn              L - ring of see invisible

@: swift (expiring), about to teleport, marked, very slightly contaminated,
quick
A: breathe fire, unfitting armour, reduced essence, fire resistance 1,
cold-blooded, AC +8
a: Breathe Fire, Recall Ancestor, Ancestor Identity, Transference, Idealise,
Renounce Religion


You were on level 3 of the Lair of Beasts.
You worshipped Hepliaklqana.
Hepliaklqana was extremely pleased with you.
You were not hungry.

You visited 3 branches of the dungeon, and saw 17 of its levels.

You collected 872 gold pieces.
You spent 320 gold pieces at shops.

Inventory:

Hand Weapons
 c - the +6 dagger of Betoshra {chaos, +Rage Str+4 Dex-4}
   (You found it on level 11 of the Dungeon)

   Each time it hits an enemy it has a different, random effect.
   It affects your strength (+4).
   It affects your dexterity (-4).
   It lets you go berserk.
 B - a +2 blowgun
 C - a +1 trident (weapon)
 M - a +2 flail of protection
Missiles
 d - 362 stones (quivered)
 u - 3 needles of sleeping
 w - 39 poisoned needles
 A - 5 curare-tipped needles
Armour
 e - a +0 cloak (worn)
 n - a +1 hat (worn)
 G - a +0 pair of gloves (worn)
Jewellery
 a - an uncursed ring of stealth
 g - an amulet of the gourmand (around neck)
 l - a ring of protection from cold (left hand)
 r - an uncursed amulet of faith
 K - an uncursed ring of poison resistance
 L - a ring of see invisible (right hand)
Wands
 j - a wand of disintegration (17)
 p - a wand of scattershot (3)
 t - a wand of paralysis (9)
 y - a wand of enslavement (18)
 J - a wand of digging (6)
Scrolls
 f - 8 scrolls of identify
 h - 4 scrolls of remove curse
 m - 2 scrolls of enchant weapon
 q - 3 scrolls of teleportation
Potions
 i - 3 potions of curing
 o - a potion of lignification
 s - a potion of brilliance
 z - 3 potions of agility
 T - a potion of haste
Miscellaneous
 k - a box of beasts
Comestibles
 b - 25 rations


   Skills:
 + Level 7.6 Fighting
 + Level 6.5 Polearms
 + Level 6.7 Dodging
 - Level 1.8 Stealth
 + Level 6.8 Spellcasting
 + Level 6.0 Hexes
 + Level 10.0 Summonings
 + Level 4.3 Fire Magic
 + Level 6.3 Ice Magic
 + Level 5.0 Air Magic
 + Level 4.5 Invocations


You had one spell level left.
You knew the following spells:

 Your Spells              Type           Power        Failure   Level  Hunger
a - Summon Small Mammal   Summ           ####         1%          1    None
b - Call Imp              Summ           #####...     1%          2    None
c - Call Canine Familiar  Summ           #####...     1%          3    ##.....
d - Summon Guardian Gole  Hex/Summ       #####...     1%          3    ##.....
e - Summon Ice Beast      Ice/Summ       #####...     3%          4    ####...
f - Summon Lightning Spi  Summ/Air       #####...     4%          4    ####...
g - Confusing Touch       Hex            ####..       1%          1    None
h - Inner Flame           Hex/Fire       ####....     3%          3    ##.....
i - Swiftness             Chrm/Air       ###.....     5%          2    None

Your spell library contained the following spells:

 Spells                   Type           Power        Failure   Level  Hunger
 Corona                   Hex            ####...      1%          1    None
 Freeze                   Ice            ####         1%          1    None
 Shock                    Conj/Air       ###.         3%          1    None
 Beastly Appendage        Tmut           #.....       11%         1    None
 Slow                     Hex            ####....     1%          2    None
 Confuse                  Hex            ####....     2%          3    ##.....
 Throw Frost              Conj/Ice       ###...       4%          2    None
 Ozocubu's Armour         Chrm/Ice       ###.....     9%          3    ##.....
 Portal Projectile        Hex/Tloc       ###...       9%          3    ##.....
 Cause Fear               Hex            ####......   9%          4    ####...
 Static Discharge         Conj/Air       ###.....     11%         3    ##.....
 Airstrike                Air            ####......   13%         4    ####...
 Sticks to Snakes         Tmut           #.......     16%         2    None
 Ignite Poison            Fire/Tmut/Pois ##......     17%         3    ##.....
 Metabolic Englaciation   Hex/Ice        ####......   22%         5    #####..
 Ice Form                 Ice/Tmut       ###.....     28%         4    ####...
 Throw Icicle             Conj/Ice       ###.....     28%         4    ####...
 Gell's Gravitas          Tloc           #.........   30%         3    ##.....
 Spider Form              Tmut/Pois      #.........   30%         3    ##.....
 Leda's Liquefaction      Hex/Erth       ###.......   30%         4    ####...
 Yara's Violent Unravell  Hex/Tmut       ###.......   63%         5    #####..
 Petrify                  Tmut/Erth      #.......     71%         4    ####...
 Lightning Bolt           Conj/Air       ###.......   71%         5    #####..
 Fireball                 Conj/Fire      ##........   75%         5    #####..
 Blade Hands              Tmut           #.........   96%         5    #####..
 Bolt of Fire             Conj/Fire      ##........   100%        6    #######
 Ring of Flames           Chrm/Fire      ##........   100%        7    #######
 Ignition                 Fire           ###.......   100%        8    #######


Dungeon Overview and Level Annotations

Branches:
Dungeon (12/15)            Temple (1/1) D:6            Lair (4/6) D:11
 Spider (0/4) Lair:3          Orc (0/2) D:12
  Swamp: Lair:2-4    Shoals: Lair:2-4

Altars:
Ashenzari
Cheibriados
Dithmenos
Elyvilon
Fedhas
Gozag
Hepliaklqana
Kikubaaqudgha
Makhleb
Nemelex Xobeh
Okawaru
Qazlal
Ru
Sif Muna
Trog
Uskayaw
Vehumet
Wu Jian
Xom
Yredelemnul
Zin
The Shining One

Shops:
D:7 ?*!:

Annotations:
D:5 3 runed translucent doors, reptisaurus's ghost, amateur OgEn
D:8 2 transporters


Innate Abilities, Weirdness & Mutations

You can breathe blasts of fire.
Your fiery red scales are hard. (AC +8)
You cannot fit into any form of body armour.
Your flesh is heat resistant. (rF+)
You are cold-blooded and may be slowed by cold attacks.
Your life essence is reduced to manifest your ancestor. (-10% HP)


Message History

You feel quick.
There is a stone staircase leading up here.
You climb upwards.
The death yak bellows!
The death yak sets off the alarm!
The alarm trap emits a blaring wail!
A sentinel's mark forms upon you. The death yak gores you!
* * * LOW HITPOINT WARNING * * *
There is a stone staircase leading down, spattered with blood here.
Okay, then.
Okay, then.
Casting: Swiftness (safe; 5% risk of failure)
Confirm with . or Enter, or press ? or * to list all spells.
Okay, then.
As you read the scroll of teleportation, it crumbles to dust.
You feel strangely unstable.
You start to feel a little slower.
The death yak gores you!
You die...

##..P# #....... #...#
##...... #..## #.......
#...### #.......
##...#.#######...#..
###PP..P..#..##.#.....
#...............##..##
##................#....
#....Y@.Y...#≈≈......##
##..........#≈≈P......#
#..........P≈≈#.....#.
#..........≈≈≈#.######
##......Y...P###..#####
#................###.##
####.#P...##.#..###....
####..........##....
#................


You could see 3 death yaks.

Vanquished Creatures
  A two-headed ogre (D:8)
  Pikel (D:8)
  A cyclops (D:11)
  A spiny frog (Lair:3)
  A troll (D:11)
  2 dream sheep (Lair:4)
  2 hippogriffs (D:8)
  2 yaks (D:11)
  A water moccasin (Lair:3)
  A porcupine (D:11)
  An eye of draining (D:11)
  A black bear (D:10)
  A phantom (D:7)
  A sky beast (D:11)
  2 ogres
  A wolf (D:9)
  3 centaurs
  4 bullfrogs
  A wyvern skeleton (D:8)
  2 scorpions
  2 killer bees
  3 howler monkeys
  A wight (D:5)
  2 bullfrog zombies
  6 hounds
  2 orc priests
  An orc wizard (D:7)
  A centaur skeleton (D:5)
  2 iguanas
  4 worker ants
  A hound zombie (D:11)
  A hound skeleton (D:7)
  A howler monkey skeleton (D:10)
  A gnoll (D:2)
  6 adders
  A shadow imp (D:12)
  2 adder skeletons (D:5)
  An adder zombie (D:10)
  A worm (D:2)
  2 dart slugs
  4 leopard geckos
  21 orcs
  7 bats
  4 goblins
  8 hobgoblins
  2 quokkas
  2 ball pythons
  A ball python skeleton (D:4)
  7 frilled lizards
  3 kobolds
  2 leopard gecko skeletons
  A leopard gecko zombie (D:5)
  2 quokka skeletons
  8 rats
143 creatures vanquished.

Vanquished Creatures (collateral kills)
  Erolcha (D:11)
  3 hydras
  2 two-headed ogres
  A queen ant (Lair:2)
  2 death yaks (Lair:3)
  Sonja (Lair:1)
  An unseen horror (D:12)
  An oklob plant (Lair:3)
  2 cyclopes
  A manticore (D:12)
  3 spiny frogs
  A komodo dragon (Lair:3)
  A rime drake (Lair:2)
  A hornet (D:12)
  7 hippogriffs
  3 dream sheep (Lair:4)
  2 wyverns (Lair:3)
  17 yaks
  Grum (D:9)
  2 basilisks
  A steam dragon (D:12)
  3 vampire mosquitoes (D:12)
  4 soldier ants
  2 swamp worms (Lair:2)
  2 water moccasins
  3 black bears
  6 porcupines
  2 slaves (D:8)
  A phantom (D:11)
  A sky beast (D:12)
  4 ice beasts
  4 orc warriors
  4 ogres
  A necrophage (D:12)
  A wolf (D:9)
  2 crocodiles
  2 centaurs
  7 bullfrogs
  2 gnoll sergeants
  2 scorpions
  9 killer bees
  8 wights
  2 howler monkeys
  4 crimson imps
  A bullfrog zombie (D:9)
  2 centaur skeletons
  4 jellies
  5 orc priests
  3 hounds
  9 orc wizards
  2 bullfrog skeletons
  Jessica (D:3)
  3 iguanas
  33 worker ants
  A killer bee zombie (D:10)
  2 hound skeletons
  10 adders
  12 gnolls
  A howler monkey skeleton (D:11)
  2 shadow imps
  An ooze (D:2)
  6 worms
  A dart slug (D:2)
  29 orcs
  2 giant cockroaches
  3 goblins
  3 hobgoblins
  5 jackals
  A quokka (D:4)
  2 frilled lizards
  9 kobolds
  A quokka skeleton (D:8)
  A quokka zombie (D:9)
  A rat (D:3)
286 creatures vanquished.

Vanquished Creatures (others)
  A troll (D:10)
  2 water moccasins
  9 knights
  7 ancestors
  2 orcs (D:12)
  A leopard gecko zombie (D:8)
  8 fungi
  4 plants
34 creatures vanquished.

Grand Total: 463 creatures vanquished

Notes
Turn   | Place    | Note
-------+----------+-------------------------------------------
     0 | D:1      | CrazyJ the Draconian Summoner began the quest for the Orb.
     0 | D:1      | Reached XP level 1. HP: 14/14 MP: 3/3
   375 | D:1      | Reached XP level 2. HP: 17/22 MP: 5/5
   382 | D:1      | Learned a level 2 spell: Call Imp
  1345 | D:2      | Reached skill level 1 in Fighting
  1456 | D:2      | Reached XP level 3. HP: 21/28 MP: 0/6
  1683 | D:2      | Learned a level 3 spell: Call Canine Familiar
  2070 | D:2      | Found a faded altar of an unknown god.
  2291 | D:2      | Reached XP level 4. HP: 33/35 MP: 1/7
  2619 | D:3      | Reached skill level 5 in Summonings
  2722 | D:3      | Reached XP level 5. HP: 41/41 MP: 1/9
  2895 | D:3      | Noticed Jessica
  2908 | D:3      | Killed Jessica
  3393 | D:3      | Learned a level 3 spell: Summon Guardian Golem
  4191 | D:4      | Reached skill level 1 in Polearms
  4481 | D:4      | Reached XP level 6. HP: 48/48 MP: 6/10
  4603 | D:4      | Reached skill level 1 in Hexes
  5405 | D:5      | Entered Level 5 of the Dungeon
  5611 | D:5      | Your scales start taking on a fiery red colour.
  5611 | D:5      | Reached XP level 7. HP: 44/56 MP: 8/11
  5611 | D:5      | Gained mutation: Your flesh is heat resistant. (rF+) [Red
                  | Draconian growth]
  5794 | D:5      | Noticed reptisaurus's ghost (amateur OgEn)
  5820 | D:5      | Found a runed translucent gate.
  5820 | D:5      | Found a runed translucent gate.
  5820 | D:5      | Found a runed translucent gate.
  5853 | D:5      | Reached skill level 6 in Summonings
  6759 | D:6      | Found a staircase to the Ecumenical Temple.
  6768 | Temple   | Entered the Ecumenical Temple
  6859 | Temple   | Became a worshipper of Hepliaklqana the Forgotten
  7036 | D:6      | Reached XP level 8. HP: 50/56 MP: 4/13
  7311 | D:6      | Learned a level 4 spell: Summon Ice Beast
  7877 | D:7      | Reached skill level 1 in Ice Magic
  7909 | D:7      | Reached skill level 7 in Summonings
  7984 | D:7      | Found Kom Omug's Book Emporium.
  7990 | D:7      | Bought a book of Misfortune for 320 gold pieces
  8048 | D:7      | Reached * piety under Hepliaklqana
  8130 | D:7      | Found Sadoico's Magic Scroll Emporium.
  8578 | D:7      | Found Gysuumac's Distillery.
  8583 | D:7      | Found Vicw's General Store.
  8729 | D:8      | Noticed a two-headed ogre
  8909 | D:8      | Found a transporter.
  8941 | D:8      | Noticed a hippogriff
  8984 | D:8      | Killed a hippogriff
  8998 | D:8      | Reached XP level 9. HP: 55/64 MP: 1/15
  9245 | D:8      | Found a transporter.
  9245 | D:8      | Noticed Pikel
  9288 | D:8      | Killed Pikel
  9307 | D:8      | Found a basalt altar of Yredelemnul.
  9309 | D:8      | Noticed a flayed ghost
  9311 | D:8      | Found an ancient bone altar of Kikubaaqudgha.
  9483 | D:8      | Learned a level 4 spell: Summon Lightning Spire
  9487 | D:8      | Reached skill level 8 in Summonings
  9605 | D:8      | Killed a two-headed ogre
  9605 | D:8      | Reached skill level 5 in Fighting
  9605 | D:8      | Reached skill level 5 in Spellcasting
  9608 | D:8      | Learned a level 1 spell: Confusing Touch
  9755 | D:8      | Found a shattered altar of Ashenzari.
  9755 | D:8      | Found a glowing golden altar of the Shining One.
  9756 | D:8      | Found a burning altar of Makhleb.
  9835 | D:8      | Reached skill level 5 in Dodging
  9835 | D:8      | Reached skill level 1 in Air Magic
 10811 | D:9      | Reached XP level 10. HP: 65/72 MP: 9/17
 10849 | D:9      | Reached ** piety under Hepliaklqana
 10916 | D:8      | Found a glowing silver altar of Zin.
 11192 | D:10     | Entered Level 10 of the Dungeon
 11360 | D:9      | HP: 3/72 [yak (5)]
 11883 | D:10     | HP: 1/73 [yak (15)]
 12152 | D:10     | Remembered your ancestor Bartimaeus as a knight
 12318 | D:10     | Noticed a cyclops
 12337 | D:10     | Killed a cyclops
 12378 | D:10     | Reached skill level 5 in Polearms
 13370 | D:9      | Noticed Grum
 13387 | D:9      | Killed Grum
 13387 | D:9      | Reached skill level 9 in Summonings
 13738 | D:11     | Noticed a two-headed ogre
 13749 | D:11     | Killed a two-headed ogre
 13749 | D:11     | Reached skill level 5 in Ice Magic
 13981 | D:11     | Reached skill level 1 in Invocations
 14193 | D:11     | Noticed a six-headed hydra
 14204 | D:11     | Killed a six-headed hydra
 14204 | D:11     | Reached XP level 11. HP: 80/80 MP: 4/19
 14319 | D:11     | Learned a level 3 spell: Inner Flame
 14338 | D:11     | Reached *** piety under Hepliaklqana
 14363 | D:11     | Found a staircase to the Lair.
 14502 | Lair:1   | Entered Level 1 of the Lair of Beasts
 14615 | Lair:1   | Found a shattered altar of Ashenzari.
 14741 | D:11     | Noticed Erolcha
 14752 | D:11     | Killed Erolcha
 14857 | D:11     | Got a bloodstained dagger
 14858 | D:11     | Identified the +6 dagger of Betoshra {chaos, +Rage Str+4
                  | Dex-4} (You found it on level 11 of the Dungeon)
 14969 | D:11     | Reached skill level 5 in Hexes
 14969 | D:11     | Reached skill level 1 in Fire Magic
 15016 | D:12     | Noticed a two-headed ogre
 15021 | D:12     | Killed a two-headed ogre
 16357 | D:12     | Paralysed by a hornet for 2 turns
 16676 | D:12     | Found a staircase to the Orcish Mines.
 16922 | D:12     | Noticed an unseen horror
 16939 | D:12     | Killed an unseen horror
 16942 | D:12     | Noticed a seven-headed hydra
 17354 | D:12     | Killed a seven-headed hydra
 18081 | Lair:1   | Reached **** piety under Hepliaklqana
 18339 | Lair:1   | Noticed Sonja
 18388 | Lair:1   | Killed Sonja
 18808 | Lair:2   | Noticed a queen ant
 18818 | Lair:2   | Killed a queen ant
 18965 | Lair:3   | Reached XP level 12. HP: 50/90 MP: 14/21
 19114 | Lair:3   | Noticed a death yak
 19120 | Lair:3   | Noticed a death yak
 19120 | Lair:3   | Noticed a death yak
 19122 | Lair:3   | Noticed a death yak
 19123 | Lair:3   | Noticed a death yak
 19126 | Lair:3   | Killed a death yak
 20406 | Lair:2   | You fall through a shaft!
 20630 | Lair:3   | Reached ***** piety under Hepliaklqana
 20661 | Lair:3   | Noticed a four-headed hydra
 20672 | Lair:3   | Killed a four-headed hydra
 20879 | Lair:3   | Learned a level 2 spell: Swiftness
 20993 | Lair:3   | Found a hole to the Spider Nest.
 21531 | Lair:3   | Killed a death yak
 21767 | Lair:4   | Reached skill level 10 in Summonings
 21767 | Lair:4   | Reached skill level 5 in Air Magic
 21783 | Lair:4   | HP: 3/90 [manticore/volley of spikes (16)]
 22129 | Lair:4   | Noticed an eight-headed hydra
 22159 | Lair:3   | Mangled by a death yak

Skill      XL: |  1  2  3  4  5  6  7  8  9 10 11 12 |
---------------+-------------------------------------+-----
Dodging        | 2 3 4 5 6 |  6.7
Fighting       | 1 2 3 4 5 6 7 |  7.6
Summonings     | 5 6 7 8 9 10 | 10.0
Polearms       | 1 2 3 4 5 6 |  6.5
Spellcasting   | 3 4 5 6 |  6.8
Hexes          | 1 2 3 4 5 6 |  6.0
Ice Magic      | 2 4 5 6 |  6.3
Air Magic      | 1 3 4 5 |  5.0
Invocations    | 1 3 4 |  4.5
Fire Magic     | 3 4 |  4.3
Stealth        | |  1.8

Action                   |  1- 3 |  4- 6 |  7- 9 | 10-12 || total
-------------------------+-------+-------+-------+-------++-------
Melee: Dagger            |    32 |       |       |       ||    32
       Unarmed           |     9 |       |       |       ||     9
       Short sword       |    20 |       |       |       ||    20
       Flail             |    43 |     2 |       |       ||    45
       Tailslap          |     7 |    17 |    14 |    25 ||    63
       Spear             |       |    87 |       |       ||    87
       Trident           |       |   114 |   262 |   312 ||   688
       Staff             |       |       |       |     5 ||     5
 Fire: Blowgun           |       |       |       |     2 ||     2
Throw: Stone             |       |       |     1 |       ||     1
 Cast: Summon Small Mamm |    14 |     3 |       |     1 ||    18
       Call Imp          |    10 |    15 |    16 |     5 ||    46
       Call Canine Famil |     3 |    20 |    34 |    11 ||    68
       Summon Guardian G |       |       |    21 |    17 ||    38
       Summon Ice Beast  |       |       |     3 |   147 ||   150
       Confusing Touch   |       |       |     3 |     3 ||     6
       Summon Lightning  |       |       |       |    16 ||    16
       Inner Flame       |       |       |       |     7 ||     7
       Swiftness         |       |       |       |     2 ||     2
Invok: Ancestor Identity |       |       |     1 |       ||     1
       Ancestor Life: Kn |       |       |       |     1 ||     1
       Recall Ancestor   |       |       |       |     3 ||     3
 Abil: Breathe Fire      |       |       |    12 |     9 ||    21
  Use: Scroll            |     2 |       |     2 |    26 ||    30
       Potion            |       |       |     1 |    10 ||    11
 Stab: Sleeping          |     5 |    13 |     7 |     1 ||    26
       Distracted        |       |       |     3 |     6 ||     9
  Eat: Chunk             |     5 |    11 |    14 |    37 ||    67
       Ration            |       |     1 |     3 |     8 ||    12
Armor: Skin              |    56 |    73 |    89 |   100 ||   318
Dodge: Dodged            |   123 |   112 |   202 |   250 ||   687
